Map: Nightshade LE

Players

xKawaiian - Winner!

  • Race: Terran Terran
  • League: Master
  • Spawn Location: 11:00

Warren

  • Race: Zerg Zerg
  • League: Grandmaster
  • Spawn Location: 5:00

VOD

Have the link to the VOD?

Description

Time

  • Played on: March 10, 2020, 12:37 a.m.
  • Length: 30:49
Show
View Real Time Build Order
Export as new Build Order

xKawaiian Terran - Winner!

Build Orders: Reaper Expand 

Get SALT Encoding   

  12  0:00  SCV  
  13  0:12  SCV  
  14  0:17  Supply Depot  
  14  0:25  SCV  
  15  0:38  SCV  
  15  0:40  Barracks  
  16  0:48  Refinery  
  16  0:50  SCV  
  17  1:02  SCV  
  18  1:15  SCV  
  19  1:27  Orbital Command  
  19  1:34  Reaper  
  20  1:41  Command Center  
  20  1:53  SCV  
  21  2:00  Supply Depot  
  21  2:05  SCV, Marine  
  23  2:16  Factory  
  23  2:21  SCV  
  24  2:30  Refinery  
  24  2:33  SCV  
  25  2:37  Barracks Reactor  
  25  2:45  SCV  
  26  2:54  Orbital Command  
  26  2:58  SCV  
  27  3:02  Starport  
  27  3:10  SCV  
  28  3:18  Hellion  
  28  3:19  Hellion  
  32  3:20  Supply Depot  
  32  3:21  SCV  
  32  3:22  SCV, Marine  
  35  3:33  SCV  
  37  3:34  SCV  
  37  3:40  Hellion x2  
  37  3:41  Medivac  
  43  3:42  Barracks Tech Lab  
  43  3:45  SCV  
  43  3:46  SCV  
  45  3:57  SCV  
  45  3:58  SCV  
  45  3:59  Barracks  
  45  4:00  Barracks  
  47  4:09  SCV  
  48  4:10  SCV  
  48  4:15  Starport Reactor, Stimpack  
  48  4:17  Factory Tech Lab  
  49  4:22  SCV x2  
  51  4:24  Supply Depot  
  51  4:34  SCV  
  51  4:36  Siege Tank  
  54  4:45  Supply Depot  
  54  4:46  SCV, Engineering Bay  
  54  4:49  Supply Depot  
  55  4:59  Marine x3  
  56  5:01  Marine  
  56  5:02  Starport Reactor  
  56  5:03  Refinery  
  57  5:08  Siege Tank  
  57  5:10  Marine  
  57  5:12  Terran Infantry Weapons Level 1  
  61  5:15  Barracks  
  61  5:16  Marine  
  61  5:17  Marine x2  
  61  5:20  Barracks  
  64  5:24  Marine  
  64  5:25  Refinery  
  62  5:30  Marine  
  62  5:34  Marine x2  
  62  5:35  Marine  
  66  5:42  Marine  
  67  5:48  Marine  
  65  5:52  Marine x2  
  65  5:53  Marine  
  65  6:06  Marine x2, Siege Tank  
  70  6:11  Supply Depot x2  
  70  6:12  Marine  
  70  6:14  Marine  
  70  6:17  Marine  
  70  6:19  Supply Depot  
  70  6:29  Medivac, Marine x2  
  70  6:30  Marine  
  70  6:32  Marine  
  55  6:42  Siege Tank  
  55  6:44  Marine  
  55  6:45  Medivac  
  60  6:50  Combat Shield  
  60  6:53  SCV  
  61  6:58  Marine  
  61  6:59  Medivac  
  61  7:01  Barracks Reactor x2, Marine  
  64  7:03  Marine  
  64  7:05  Marine  
  64  7:07  Marine  
  68  7:15  Medivac  
  70  7:16  Marine  
  70  7:19  Siege Tank  
  74  7:24  Marine  
  74  7:25  Marine x2  
  74  7:28  Marine  
  78  7:34  Marine  
  78  7:35  Medivac  
  78  7:36  SCV x2  
  82  7:38  Marine  
  82  7:39  Marine  
  82  7:42  Marine  
  82  7:43  Marine  
  86  7:44  Marine  
  86  7:48  SCV x2  
  89  7:54  Marine x4  
  89  7:56  Marine  
  94  8:07  Marine  
  94  8:16  Marine x2  
  94  8:22  Siege Tank  
  94  8:23  Medivac  
  94  8:26  Marine  
  93  8:27  Marine  
  90  8:39  Marine x2  
  90  8:41  Marine  
  89  8:42  Marine  
  89  8:43  Marine  
  89  8:44  Marine x3  
  89  8:45  Marine  
  89  8:55  Siege Tank  
  87  8:57  Marine x2  
  87  8:59  Marine  
  87  9:00  Marine  
  87  9:01  Marine x2  
  92  9:04  Marine x2  
  94  9:11  Marine  
  94  9:22  Supply Depot x2  
  94  9:28  Marine x2  
  94  9:43  Medivac, Marine x7  
  103  9:46  Marine x2  
  103  9:50  Siege Tank  
  91  10:01  Marine  
  91  10:03  Marine  
  91  10:04  Medivac, Marine x7  
  95  10:13  Medivac  
  89  10:18  Marine  
  89  10:21  Marine  
  89  10:22  Marine x3  
  89  10:31  Marine  
  89  10:33  Siege Tank  
  89  10:38  Marine  
  89  10:40  Marine  
  89  10:41  Marine x5  
  92  10:53  Marine  
  92  10:56  Marine x2  
  95  10:58  Marine x5  
  95  10:59  Marine  
  101  11:06  Siege Tank  
  101  11:10  Marine  
  105  11:14  Marine  
  105  11:18  Marine  
  100  11:26  Marine  
  96  11:35  Marine  
  96  11:39  Marine, Siege Tank  
  101  11:41  Marine x2  
  101  11:42  Marauder, Marine  
  101  11:45  Marine x3  
  109  11:53  Marine  
  110  12:06  Supply Depot  
  110  12:08  Supply Depot  
  110  12:09  Command Center  
  110  12:12  Marine x3  
  110  12:13  Marine  
  110  12:20  Marauder  
  110  12:25  Siege Tank  
  110  12:27  Liberator  
  108  12:39  Marine x2  
  108  12:40  Marine x2  
  108  12:41  Marauder  
  111  12:51  Marine x2  
  111  12:52  Medivac  
  111  12:57  Siege Tank  
  117  13:03  Marauder  
  89  13:13  Marine x2  
  89  13:19  Marine  
  92  13:20  Marine  
  92  13:22  Medivac  
  92  13:24  Marauder  
  98  13:27  SCV x2  
  98  13:29  Siege Tank  
  98  13:31  Marine  
  103  13:45  Armory, Marauder  
  103  13:47  Engineering Bay  
  105  13:50  Orbital Command  
  105  14:01  Siege Tank  
  99  14:07  Marauder  
  99  14:09  Marine x3  
  103  14:10  Marine  
  105  14:21  Marine x3  
  105  14:23  Marine  
  109  14:27  Marine  
  109  14:28  Marauder  
  109  14:32  SCV  
  109  14:33  Siege Tank  
  109  14:34  Refinery, Marine  
  114  14:43  Refinery  
  114  14:45  Supply Depot  
  114  14:48  Supply Depot  
  114  14:49  Marauder  
  114  14:51  Terran Infantry Weapons Level 2  
  108  15:07  Siege Tank  
  108  15:10  Marine  
  112  15:15  Supply Depot, Marine x2  
  112  15:16  Marauder, Marine  
  112  15:17  Marine  
  112  15:20  Marine  
  119  15:24  Marine  
  119  15:26  Terran Infantry Armor Level 1  
  116  15:35  Marine x2  
  116  15:37  Marauder  
  116  15:39  Marine  
  121  15:43  Marine x2  
  121  15:47  SCV  
  121  15:48  SCV  
  125  15:52  SCV  
  125  15:55  Marine x2  
  128  15:59  Marauder  
  128  16:00  SCV, Medivac  
  136  16:04  Medivac, Marine  
  133  16:06  Marine  
  137  16:12  Marine  
  137  16:17  Marine x4  
  137  16:18  Marine  
  143  16:20  Marauder  
  143  16:22  Marine  
  143  16:24  Marine  
  147  16:28  Siege Tank  
  147  16:29  Marine  
  147  16:30  Medivac  
  153  16:38  Marine  
  153  16:39  Marine x4  
  155  16:40  Marine  
  155  16:41  Marine  
  156  16:48  Marine  
  155  17:03  Marine  
  155  17:04  Marine x7  
  155  17:06  Marine  
  164  17:14  Siege Tank  
  165  17:26  Orbital Command  
  165  17:36  Marine  
  165  17:37  Marine  
  165  17:39  Marine  
  165  17:43  Marine x2  
  165  17:44  Marine  
  165  17:51  Marine  
  165  17:52  Marine  
  165  17:53  SCV, Marauder  
  165  17:54  Marine  
  165  18:10  Supply Depot  
  165  18:12  Supply Depot  
  165  18:13  Supply Depot  
  165  18:25  Marine  
  165  18:26  Marauder, Marine  
  165  18:27  SCV  
  165  18:28  SCV, Siege Tank  
  156  18:36  Marine  
  156  18:38  Medivac x2, Marine x2  
  163  18:48  Marauder  
  165  18:54  Marine  
  165  18:55  Marine  
  125  18:56  Marine  
  125  18:57  Marine  
  125  19:00  Marine, Siege Tank  
  131  19:08  Medivac  
  131  19:09  Marauder  
  129  19:13  Marine x2  
  131  19:20  Marine  
  132  19:28  Marine  
  132  19:29  Marine x4  
  132  19:30  Terran Infantry Weapons Level 3, Terran Infantry Armor Level 2  
  132  19:31  Medivac, Marauder, Marine x2  
  140  19:32  Siege Tank  
  140  19:37  Marine  
  134  19:46  Marine x3  
  134  19:47  Marine  
  134  19:52  Marauder, Marine  
  122  19:53  Medivac, Marine x2  
  122  19:57  Marine  
  128  20:04  Marine x3, Siege Tank  
  128  20:05  Marine  
  135  20:10  Marine x2  
  135  20:13  Marauder  
  139  20:19  Marine x2  
  141  20:28  Marine  
  119  20:30  Marine  
  119  20:31  Marine  
  119  20:35  Marauder  
  107  20:36  Siege Tank  
  98  20:53  Marine  
  98  20:56  Marauder  
  98  20:57  Marine  
  99  21:00  Liberator x2  
  99  21:02  Marine  
  103  21:04  Marine  
  103  21:08  Marine  
  103  21:09  Marine  
  103  21:10  Marine x2  
  103  21:11  Marine  
  104  21:14  Marine  
  95  21:20  Marine  
  95  21:25  Marine  
  86  21:34  Marine x2  
  86  21:37  Marine x2  
  88  21:45  Marauder, Marine x2  
  92  21:58  SCV x2  
  91  22:07  Marauder  
  92  22:10  SCV  
  92  22:11  SCV, Marine  
  92  22:12  Marine x6  
  101  22:17  Marine  
  95  22:22  SCV  
  95  22:23  SCV  
  95  22:28  Marine  
  95  22:29  Marine  
  56  22:58  Marine  
  56  22:59  Marauder  
  56  23:01  Orbital Command, Marine, Liberator  
  56  23:04  Marine  
  63  23:09  Marine x5, Siege Tank  
  71  23:16  Marine  
  72  23:20  Marauder  
  74  23:33  Orbital Command  
  70  23:34  Marine  
  70  23:35  Marine x2  
  70  23:42  Marauder  
  70  23:47  Marine x3  
  72  23:49  Orbital Command  
  71  24:02  Marine  
  72  24:03  Marauder, Marine  
  72  24:04  Marine  
  72  24:08  Siege Tank  
  79  24:17  SCV x3  
  82  24:26  Marine  
  82  24:29  SCV x2  
  87  24:31  Marauder  
  87  24:38  Marine  
  88  24:47  Marine x3  
  93  24:52  Marauder  
  93  24:59  SCV x3  
  95  25:00  Marine  
  95  25:01  Marine x2  
  95  25:05  Marine x2  
  100  25:08  Marine  
  100  25:11  SCV  
  97  25:14  Marauder  
  97  25:16  Marine  
  97  25:20  SCV x2  
  98  25:39  SCV x2  
  98  25:42  Marine  
  99  25:47  Marine  
  99  25:49  SCV  
  96  25:50  Marine  
  96  25:51  SCV  
  87  26:01  SCV  
  87  26:02  SCV  
  87  26:03  SCV  
  88  26:11  Marine  
  88  26:12  Marine  
  88  26:13  Marine  
  88  26:14  SCV x2  
  88  26:15  SCV  
  87  26:26  SCV x2  
  87  26:27  Marine  
  86  26:32  SCV  
  86  26:36  Marine  
  86  26:38  SCV x2  
  86  26:41  Marine  
  86  26:42  Marine x6  
  86  26:45  SCV, Marine  
  95  26:50  SCV x2  
  95  26:54  Marine  
  80  26:57  SCV  
  80  26:59  Marine x2  
  70  27:02  Marine  
  70  27:03  Marauder  
  65  27:09  Marine x4  
  65  27:14  Marine  
  61  27:17  Marine x2  
  61  27:18  SCV  
  61  27:22  Marine  
  65  27:24  Marauder  
  65  27:27  Marine x2  
  69  27:31  SCV x2  
  69  27:32  SCV  
  69  27:33  Marine  
  69  27:34  Marine  
  69  27:35  Marine x2  
  76  27:37  Marine  
  77  27:44  Marine  
  77  27:45  Marine x2  
  77  27:46  Marauder  
  77  27:47  SCV  
  83  27:51  Marine  
  81  28:00  SCV x2  
  83  28:07  Marauder  
  83  28:09  Marine  
  83  28:10  Marine x3  
  89  28:14  SCV x2  
  89  28:15  Marine  
  89  28:17  SCV  
  93  28:26  SCV  
  93  28:27  Marine x4  
  89  28:31  Medivac  
  89  28:32  Marine  
  96  28:36  Marine x2  
  96  28:38  Marine  
  99  28:42  Medivac  
  99  28:44  Marine  
  99  28:47  Marine  
  103  28:54  Marine  
  103  28:55  Marine x4  
  104  28:59  Marine  
  104  29:00  Marine  
  104  29:02  Marine  
  108  29:05  Marine  
  109  29:12  Marine  
  109  29:13  Marine x3  
  109  29:16  Marine  
  114  29:17  Marine  
  114  29:18  Marine  
  114  29:20  Marine  
  117  29:25  Marine  
  117  29:30  Marine  
  117  29:31  Marine x2  
  117  29:38  Marauder  
  91  29:53  Marine x4  
  91  29:56  Marine x2  
  91  29:57  SCV  
  91  29:58  SCV  
  101  30:00  Marauder  
  101  30:10  Marine  
  93  30:21  Marauder  
Show
View Real Time Build Order
Export as new Build Order

Warren Zerg 

Build Orders: Hatch First 

Get SALT Encoding   

  12  0:00  Drone  
  13  0:12  Overlord  
  13  0:16  Drone  
  14  0:31  Drone x2  
  16  0:47  Hatchery  
  15  0:50  Drone  
  15  0:54  Drone  
  17  0:57  Drone  
  18  1:08  Extractor  
  17  1:13  Spawning Pool  
  17  1:15  Drone  
  17  1:18  Drone  
  18  1:27  Drone  
  19  1:43  Drone  
  20  1:49  Drone  
  21  1:59  Queen  
  21  2:00  Queen  
  21  2:01  Zergling x4  
  27  2:15  Drone  
  28  2:19  Hatchery  
  27  2:26  Metabolic Boost  
  27  2:28  Overlord  
  27  2:30  Drone  
  28  2:38  Extractor  
  27  2:48  Overlord, Queen  
  27  2:49  Drone x2  
  32  2:52  Drone  
  32  2:55  Drone  
  34  3:00  Drone x2  
  36  3:08  Drone  
  36  3:12  Drone  
  38  3:13  Drone x2  
  38  3:16  Queen  
  38  3:19  Drone  
  43  3:25  Drone  
  44  3:32  Queen  
  46  3:36  Drone x4  
  50  3:44  Roach Warren, Drone  
  50  3:45  Overlord  
  50  3:48  Overlord  
  50  4:01  Overlord  
  50  4:02  Overlord  
  50  4:11  Zergling x14  
  57  4:17  Extractor  
  57  4:19  Overlord x2  
  57  4:20  Extractor  
  55  4:38  Roach x3  
  55  4:39  Roach x6  
  55  4:45  Roach x2  
  75  4:48  Overlord  
  75  4:49  Zergling x4  
  71  5:00  Zergling x12  
  76  5:07  Zergling x2  
  76  5:08  Zergling x4  
  79  5:16  Zergling x8  
  83  5:22  Ravager x4  
  83  5:23  Overlord  
  87  5:33  Overlord  
  87  5:35  Ravager  
  88  5:39  Zergling x10  
  88  5:42  Ravager  
  92  5:59  Ravager x2  
  94  6:06  Zergling x2  
  94  6:07  Zergling x18  
  94  6:08  Ravager  
  106  6:18  Ravager  
  106  6:20  Zergling x2  
  106  6:21  Zergling x14  
  108  6:31  Zergling x2  
  71  6:41  Drone x5  
  71  6:42  Drone x5  
  79  6:50  Drone  
  79  6:51  Drone x4  
  84  7:00  Drone  
  85  7:01  Lair  
  85  7:10  Drone x5  
  90  7:22  Overlord x2  
  90  7:23  Extractor  
  90  7:28  Evolution Chamber  
  90  7:29  Evolution Chamber  
  87  7:37  Overlord x2  
  87  7:38  Roach x7  
  101  7:49  Roach x6  
  112  7:56  Zerg Ground Armor Level 1  
  112  7:57  Zerg Missile Weapons Level 1  
  112  8:12  Zergling x18, Glial Reconstitution  
  104  8:32  Roach  
  104  8:33  Roach x8  
  102  8:44  Ravager x2  
  102  8:45  Roach  
  102  8:46  Zergling x6, Roach x2  
  107  9:04  Roach x6  
  115  9:21  Roach  
  115  9:22  Roach x4  
  125  9:24  Ravager  
  125  9:25  Ravager, Queen x2  
  128  9:33  Extractor  
  124  9:39  Ravager x2  
  124  9:40  Zergling x10  
  124  9:43  Hatchery  
  97  10:03  Roach x7  
  89  10:13  Roach x5  
  91  10:18  Queen x2  
  95  10:27  Roach x4  
  89  10:41  Roach x4  
  91  10:49  Roach  
  101  10:50  Roach x7  
  101  10:53  Ravager  
  104  11:06  Roach x5  
  108  11:36  Roach  
  108  11:37  Roach x6  
  122  11:43  Zerg Missile Weapons Level 2  
  122  11:54  Hatchery  
  121  12:02  Overlord  
  121  12:03  Overlord x2  
  121  12:12  Queen x3  
  116  12:17  Roach x4  
  116  12:21  Overlord x2  
  121  12:25  Roach  
  121  12:26  Roach x6  
  131  12:42  Roach x6  
  139  12:47  Zergling x2  
  138  12:55  Ravager  
  138  12:56  Ravager x5  
  122  13:20  Roach x11  
  122  13:21  Roach  
  145  13:37  Overlord x2  
  145  13:41  Hatchery  
  144  13:54  Overlord x2  
  144  13:56  Ravager  
  144  13:57  Ravager x2  
  147  14:05  Roach x5  
  147  14:06  Roach x3  
  163  14:29  Overlord  
  163  14:30  Roach  
  163  14:31  Roach x6  
  177  14:41  Ravager  
  177  14:42  Ravager x2  
  177  14:43  Ravager  
  177  14:44  Overlord x2  
  177  14:45  Zergling x6  
  142  15:10  Drone x8  
  142  15:11  Infestation Pit  
  142  15:12  Drone  
  142  15:13  Drone x4  
  154  15:29  Drone x2  
  154  15:30  Drone x2  
  154  15:32  Extractor  
  158  15:35  Drone  
  158  15:37  Drone, Extractor  
  158  15:38  Drone x4  
  162  15:49  Hatchery  
  161  15:54  Pathogen Glands  
  161  15:55  Zerg Ground Armor Level 2  
  161  16:07  Zergling x2  
  161  16:17  Zergling x12  
  161  16:18  Zergling x12  
  173  16:21  Zerg Melee Weapons Level 1  
  173  16:22  Baneling Nest  
  170  16:33  Hatchery  
  167  16:57  Infestor x6  
  179  17:03  Hatchery  
  179  17:07  Spore Crawler  
  172  17:24  Zergling x20  
  172  17:25  Zergling x4, Centrifical Hooks, Extractor  
  172  17:26  Extractor  
  176  17:46  Infestor x2  
  176  17:48  Burrow  
  178  17:55  Roach x7  
  190  18:03  Spore Crawler  
  189  18:10  Baneling x6  
  189  18:11  Overlord x3, Baneling x6  
  189  18:18  Baneling x5  
  189  18:19  Baneling  
  185  18:34  Zergling x34  
  166  18:55  Roach x12  
  149  18:58  Baneling  
  149  18:59  Baneling x3  
  142  19:11  Baneling x10  
  142  19:42  Zergling x18  
  113  19:53  Roach x4  
  113  19:57  Ravager x8  
  113  19:58  Ravager x2  
  129  20:04  Baneling  
  129  20:05  Baneling x4  
  81  20:36  Roach  
  81  20:37  Roach x9  
  92  20:49  Roach x4  
  84  21:16  Zergling x20  
  80  21:29  Zergling x8  
  83  21:46  Hatchery  
  81  22:08  Infestor x4, Drone  
  90  22:17  Baneling x7  
  90  22:26  Ravager x2  
  90  22:27  Ravager  
  90  22:29  Baneling x5  
  88  22:43  Zergling x10  
  69  22:59  Roach x3  
  61  23:07  Zergling x6  
  55  23:13  Baneling x3  
  55  23:18  Drone  
  55  23:19  Zergling x6, Drone  
  57  23:21  Ravager x2  
  49  23:32  Roach x2  
  48  23:35  Baneling  
  48  23:36  Baneling x3  
  48  23:46  Baneling x6  
  48  23:47  Baneling  
  48  24:03  Ravager x2  
  49  24:12  Zergling x14  
  49  24:14  Baneling  
  55  24:39  Infestor x2  
  55  24:41  Drone  
  55  24:43  Drone x3  
  62  25:14  Roach x8  
  73  25:29  Zergling x8  
  70  25:44  Zergling x2  
  70  25:45  Zergling x4  
  69  26:02  Zergling x6  
  69  26:03  Zergling x2  
  70  26:26  Baneling x4  
  70  26:27  Baneling x5  
  70  26:38  Baneling x3  
  69  26:40  Ravager  
  69  26:41  Ravager  
  47  27:12  Roach x3  
  53  27:19  Zergling x2  
  53  27:20  Zergling x2  
  55  27:23  Ravager  
  55  27:28  Zergling x2  
  57  27:58  Baneling x3  
  57  28:12  Hatchery  
  54  28:28  Baneling x2  
  54  28:29  Zergling x4  
  54  28:32  Ravager  
  54  28:33  Ravager  
  58  28:39  Ravager  
  58  28:59  Infestor  
  58  29:16  Baneling x3  
  58  29:22  Zergling x4  
  60  29:32  Infestor  
  48  29:50  Roach  
  46  29:52  Zergling x2  
Tags
 
Add a new tag
Caveats
  • Supply blocks, unpowered buildings, or Contaminate may cause inaccurate times.
  • Supply counts are checked every 10 seconds.